 Dungeon Crawl Stone Soup version 0.29.1-1-gd02db6906a (webtiles) character file.

Game seed: 16847952605657400625

2353 mopl the Poker (level 9, -1/72 HPs)
             Began as a Palentonga Gladiator on Oct 20, 2022.
             Was a Priest of Kikubaaqudgha.
             Splashed by a jelly's acid (8 damage)
             ... on level 7 of the Dungeon.
             The game lasted 00:09:26 (6228 turns).

mopl the Poker (Palentonga Gladiator)               Turns: 6228, Time: 00:09:32

Health: -1/72      AC: 14    Str: 29    XL:     9   Next: 20%
Magic:  9/9        EV: 10    Int:  9    God:    Kikubaaqudgha [***...]
Gold:   130        SH:  0    Dex: 12    Spells: 8/8 levels left

rFire   + + .      SeeInvis +   a - +5 scythe (venom)
rCold   . . .      Faith    .   (shield currently unavailable)
rNeg    . . .      Spirit   .   w - +0 ring mail {rF+}
rPois   .          Reflect  .   c - +0 helmet
rElec   .          Harm     .   (no cloak)
rCorr   .          Rampage  .   (no gloves)
Will    .....                   (no barding)
Stlth   +.........              (no amulet)
HPRegen 0.22/turn               l - ring of protection from fire
MPRegen 0.11/turn               A - +6 ring of strength

@: curled up
A: large, rugged brown scales 3, see invisible, deformed body, roll 1, armoured
tail, reflexive curl
a: Rolling Charge, Renounce Religion, Unearth Wretches


You were on level 7 of the Dungeon.
You worshipped Kikubaaqudgha.
Kikubaaqudgha was most pleased with you.
You visited 1 branch of the dungeon, and saw 7 of its levels.

You collected 392 gold pieces.
You spent 262 gold pieces at shops.

Inventory:

Hand Weapons
 a - a +5 scythe of venom (weapon)
 t - a +0 trident
Missiles
 d - 3 throwing nets
 e - a javelin
 B - 2 boomerangs
 E - 3 atropa-tipped darts
 F - 7 poisoned darts (quivered)
Armour
 c - a +0 helmet (worn)
 w - a +0 ring mail of fire resistance (worn)
Jewellery
 l - a ring of protection from fire (left hand)
 A - a +6 ring of strength (right hand)
Wands
 g - a wand of light (4)
 s - a wand of flame (23)
 C - a wand of mindburst (20)
 J - a wand of roots (8)
Scrolls
 f - 2 scrolls of identify {unknown}
 h - 3 scrolls of teleportation
 i - 3 scrolls of enchant weapon
 k - 3 scrolls of amnesia
 p - a scroll of blinking
 q - a scroll of fear
 y - a scroll of noise {unknown}
 z - a scroll of poison {unknown}
 I - a scroll of immolation {unknown}
 K - a scroll of enchant armour {unknown}
Potions
 b - a potion of curing
 j - 3 potions of brilliance {unknown}
 m - 2 potions of might {unknown}
 n - 3 potions of attraction {unknown}
 o - a potion of magic {unknown}
 r - a potion of flight {unknown}
 u - a potion of cancellation {unknown}
 v - a potion of mutation {unknown}
 x - 2 potions of degeneration {unknown}
 D - a potion of lignification {unknown}
 G - a potion of haste


   Skills:
 + Level 5.0 Fighting
 * Level 6.7 Polearms
 + Level 3.6 Throwing
 + Level 3.6 Armour
 + Level 4.6 Dodging
 + Level 4.2 Necromancy


You had 8 spell levels left.
You didn't know any spells.
Your spell library contained the following spells:

 Spells                   Type           Power      Damage    Failure   Level
 Necrotise                Necr           28%        1d5       10%         1
 Sublimation of Blood     Necr           7%         N/A       16%         2
 Vampiric Draining        Necr           7%         2d6       30%         3
 Scorch                   Fire           0%         2d5       65%         2
 Wereblood                Tmut           0%         N/A       65%         2
 Animate Dead             Necr           7%         N/A       69%         4
 Dispel Undead            Necr           7%         3d8       69%         4
 Dazzling Flash           Conj/Hex       0%         N/A       86%         3
 Inner Flame              Hex/Fire       0%         N/A       86%         3
 Anguish                  Hex/Necr       1%         N/A       94%         4
 Agony                    Necr           7%         N/A       95%         5
 Corpse Rot               Necr/Pois/Air  2%         N/A       97%         4
 Iskenderun's Mystic Bla  Conj/Tloc      0%         2d3       99%         4
 Borgnjor's Vile Clutch   Necr/Erth      1%         N/A       100%        5
 Conjure Ball Lightning   Conj/Air       0%         3x3d6     100%        6
 Simulacrum               Ice/Necr       1%         N/A       100%        6
 Starburst                Conj/Fire      0%         6d3       100%        6
 Haunt                    Necr/Summ      1%         N/A       100%        7
 Summon Hydra             Summ           0%         N/A       100%        7
 Infestation              Necr           3%         N/A       100%        8


Dungeon Overview and Level Annotations

Branches:
Dungeon (7/15)             Temple (0/1) D:5

Altars:
Fedhas
Gozag
Hepliaklqana
Kikubaaqudgha

Shops:
D:5 (   D:6 :=*!(

Annotations:
D:5 3 runed translucent doors, Fingal42's ghost, novice HOFi


Innate Abilities, Weirdness & Mutations

You are completely covered in rugged brown scales. (AC +3, +7% HP)
You have supernaturally acute eyesight. (SInv)
Armour fits poorly on your strangely shaped body.
You can roll at nearby foes to attack.
You have a long armoured tail.
You curl defensively after being hit. (AC +7*)


Message History

Press: ? - help, Shift-Dir - straight line, f - jelly
Aim: a jelly (water, not susceptible)
Okay, then.
The goblin throws a boomerang.
The boomerang hits you.
* * * LOW HITPOINT WARNING * * *
Aiming: Mindburst
Press: ? - help, Shift-Dir - straight line, f - jelly
Aim: a jelly (not susceptible)
Okay, then.
Aiming: Throw Flame
Press: ? - help, Shift-Dir - straight line, f - jelly
Aim: a jelly (100% to hit)
The puff of flame hits the jelly.
The jelly is lightly wounded.
The goblin throws a boomerang.
The boomerang hits you.
* * * LOW HITPOINT WARNING * * *
The jelly is engulfed in a cloud of scalding steam.
Unknown command.
Aiming: Throw Flame
Press: ? - help, Shift-Dir - straight line, f/p - jelly
Aim: a jelly (moderately wounded, 100% to hit)
The puff of flame hits the jelly.
The jelly is heavily wounded.
The goblin is engulfed in a cloud of scalding steam.
You kill the goblin!
Kikubaaqudgha accepts your kill. The jelly closely misses you.
Aiming: Throw Flame
Press: ? - help, Shift-Dir - straight line, f/p - jelly
Aim: a jelly (heavily wounded, 100% to hit)
The puff of flame hits the jelly.
The jelly is heavily wounded.
The jelly barely misses you.
Aiming: Fastroot
Press: ? - help, Shift-Dir - straight line, f - you, p - jelly The roots erupt in riotous growth!
The jelly is unaffected.
The jelly hits you.
* * * LOW HITPOINT WARNING * * *
You are splashed with acid!
You die...
Kikubaaqudgha rasps: "You have failed me!
Welcome... death!"

###### ......###
############ ........##
#........... ~~~~~~~..##
#........... ≈~~≈~§§...#
#...........
#~§#.#########'##'#..
#§.J@.....####.##.#..
#~........†.....#.#..
#####~..)....##..........
≈~~~~~~..#.####.###..#...#
.........#...#.....###....
.###.....#...#......#.####
#.....#...#)....#.....#
#.....##.#......#......
#........##.....#.....#


You could see a jelly.

Vanquished Creatures
  Sigmund (D:3)
  A water moccasin (D:7)
  An orc warrior (D:7)
  2 black bears
  3 ogres
  2 centaurs
  4 necrophages (D:6)
  3 scorpions
  3 wights (D:7)
  3 killer bees (D:7)
  2 jellies (D:6)
  2 centaur zombies (D:6)
  2 hounds
  3 orc priests
  3 iguanas (D:5)
  Terence (D:2)
  3 orc wizards (D:6)
  4 gnolls (D:6)
  12 adders
  A shadow imp (D:6)
  A white imp (D:5)
  An ufetubus (D:5)
  A worm (D:2)
  2 dart slugs
  11 orcs
  4 bats
  2 endoplasms
  9 goblins
  10 hobgoblins
  6 jackals
  5 kobolds
  3 quokkas
  7 ball pythons
  3 frilled lizards
  4 rats
  2 bushes (D:6)
127 creatures vanquished.

Vanquished Creatures (others)
  9 plants (D:6)
9 creatures vanquished.

Grand Total: 136 creatures vanquished

Notes
Turn   | Place    | Note
-------+----------+-------------------------------------------
     0 | D:1      | mopl the Palentonga Gladiator began the quest for the Orb.
     0 | D:1      | Reached XP level 1. HP: 17/17 MP: 1/1
   332 | D:1      | Reached XP level 2. HP: 23/23 MP: 2/2
   531 | D:1      | You fall into a shaft and drop 1 floor!
   598 | D:2      | Reached skill level 3 in Polearms
   638 | D:2      | Found a faded altar of an unknown god.
   649 | D:2      | Prayed at the altar of an unknown god.
   649 | D:2      | Became a worshipper of Kikubaaqudgha
   649 | D:2      | Reached * piety under Kikubaaqudgha
   649 | D:2      | Received a gift from Kikubaaqudgha
  1012 | D:2      | Noticed Terence
  1017 | D:2      | Killed Terence
  1018 | D:2      | Reached XP level 3. HP: 28/28 MP: 3/3
  1484 | D:2      | Reached skill level 1 in Necromancy
  1531 | D:2      | Reached XP level 4. HP: 25/36 MP: 4/4
  2218 | D:3      | Noticed Sigmund
  2221 | D:3      | Killed Sigmund
  2222 | D:3      | Reached skill level 4 in Polearms
  2222 | D:3      | Reached skill level 1 in Armour
  2222 | D:3      | Reached XP level 5. HP: 32/43 MP: 5/5
  2866 | D:4      | Reached XP level 6. HP: 41/50 MP: 6/6
  3102 | D:4      | Reached ** piety under Kikubaaqudgha
  3539 | D:4      | Got the Omnibus of Blazing Air
  3623 | D:5      | Entered Level 5 of the Dungeon
  3876 | D:5      | Found an opulent altar of Gozag.
  3907 | D:5      | Gained mutation: You curl defensively after being hit. (AC
                  | +7*) [Palentonga growth]
  3907 | D:5      | Reached XP level 7. HP: 52/55 MP: 7/7
  3937 | D:5      | Found a staircase to the Ecumenical Temple.
  3998 | D:5      | Found a runed translucent gate.
  3998 | D:5      | Found a runed translucent gate.
  3998 | D:5      | Found a runed translucent gate.
  3998 | D:5      | Noticed Fingal42's ghost (novice HOFi)
  4035 | D:5      | Found Teeweg's Antique Weapon Emporium.
  4271 | D:5      | Reached skill level 5 in Polearms
  4464 | D:6      | Found Ehueneciptu's Weapon Boutique.
  4561 | D:6      | Found Horrir's General Store.
  4564 | D:6      | Bought a scroll of enchant weapon for 82 gold pieces
  4708 | D:6      | Found Eveyfon's Jewellery Shop.
  4733 | D:6      | Reached XP level 8. HP: 33/64 MP: 8/8
  5132 | D:6      | Found Fuotz's Book Shoppe.
  5207 | D:6      | Found Rowoil's Distillery.
  5218 | D:6      | Bought a potion of haste for 120 gold pieces
  5218 | D:6      | Bought a potion of berserk rage for 60 gold pieces
  5396 | D:6      | Found a blossoming altar of Fedhas.
  5654 | D:6      | Reached skill level 6 in Polearms
  6059 | D:7      | Reached *** piety under Kikubaaqudgha
  6059 | D:7      | Received a gift from Kikubaaqudgha
  6080 | D:7      | Found a hazy altar of Hepliaklqana.
  6093 | D:7      | Reached XP level 9. HP: 54/71 MP: 9/9
  6116 | D:7      | HP: 2/71 [orc priest/divine providence (12)]
  6167 | D:7      | Reached skill level 5 in Fighting
  6168 | D:7      | HP: 3/108 [killer bee (5)]
  6228 | D:7      | Splashed by a jelly's acid

Illustrated notes

Levels and vault maps discovered:
D:1:      elethiomel_arrival_infinity_welcomes_careful_drivers,
          layout_loops_ring, grunt_decor_mini_mirrors
D:2:      layout_basic, ebering_ecumenical_altar_webs, grunt_ministairs_4,
          minmay_misc_feat_tower, roderic_lattice_a, uniq_terence
D:3:      layout_basic, uniq_sigmund
D:4:      layout_rooms, interstate_on_off, minmay_misc_feat_roman
D:5:      minmay_evil_eye, layout_cave_pools, nicolae_gozag_seed_capital,
          minmay_temple_entry_tees, gammafunk_ghost_necromancy, serial_shops,
          nicolae_shop_stone
D:6:      layout_gridville, fedhas_altar_decomposition, serial_shops,
          nicolae_shop_advertising_works [nicolae_subvault_shop_adworks],
          nicolae_square_shop, shop, shop_fountains,
          nicolae_shop_window_shopping
D:7:      nicolae_BIG_FREAKIN_CUBE, layout_basic,
          nicolae_overflow_hallway_of_the_gods, overflow_temple_1_default,
          enter_bailey_4, nicolae_shop_clearance

Skill      XL: |  1  2  3  4  5  6  7  8  9 |
---------------+----------------------------+-----
Polearms       | 3 4 5 6 |  6.7
Necromancy     | 1 2 3 4 |  4.2
Fighting       | 3 4 5 |  5.0
Throwing       | 2 3 |  3.6
Armour         | 1 2 3 |  3.6
Dodging        | 3 4 |  4.6

Action                   |  1- 3 |  4- 6 |  7- 9 || total
-------------------------+-------+-------+-------++-------
Melee: Trident           |    71 |    35 |       ||   106
       Tailslap          |     7 |    11 |    16 ||    34
       Halberd           |       |    49 |   183 ||   232
Evoke: Wand              |       |     3 |     4 ||     7
  Use: Potion            |     1 |       |     5 ||     6
       Scroll            |       |     1 |     4 ||     5
 Stab: Sleeping          |     1 |       |       ||     1
Armor: Leather armour    |    20 |    11 |       ||    31
       Ring mail         |       |    24 |    60 ||    84
Dodge: Dodged            |    35 |    39 |    93 ||   167
